 Dungeon Crawl Stone Soup version 0.31.0-32-g396128a36d (webtiles) character file.

Game seed: 16666032069454343606

107 Dvallin the Changeling (level 4, -2/26 HPs)
             Began as a Draconian Shapeshifter on Apr 1, 2024.
             Killed by divine providence
             ... invoked by an orc priest
              (15 damage)
             ... on level 4 of the Dungeon.
             The game lasted 00:03:31 (2419 turns).

Dvallin the Changeling (Draconian Shapeshifter)     Turns: 2419, Time: 00:03:31

Health: -2/26      AC:  9    Str: 16    XL:     4   Next: 57%
Magic:  4/4        EV: 16    Int: 17    God:
Gold:   118        SH:  0    Dex: 12    Spells: 3/3 levels left

rFire   . .          .
                       - Unarmed
rCold   . . .        (shield currently unavailable)
rNeg    . . .        (body armour unavailable)
rPois   .            (helmet restricted)
rElec   .            (no cloak)
rCorr   .            (no gloves)
SInv    .            (no boots)
Will    .....        (no amulet)
Stlth   +            e - +6 ring of intelligence
HPRegen 0.24/turn    f - +4 ring of protection
MPRegen 0.09/turn

%: no passive effects
@: flux-form, glowing
A: glow, contaminating, reduced hp, AC +5, unfitting armour, cold-blooded
a: Begin Untransformation


You were on level 4 of the Dungeon.
You were something dangerously unstable.
You visited 1 branch of the dungeon, and saw 4 of its levels.

You collected 118 gold pieces.

Inventory:

Jewellery
 e - a +6 ring of intelligence (left hand)
 f - a +4 ring of protection (right hand)
Talismans
 b - a beast talisman
 c - a flux talisman (active)
 p - a serpent talisman
Scrolls
 d - 4 scrolls of identify {unknown}
 h - 2 scrolls of enchant armour {unknown}
 i - 2 scrolls of fear {unknown}
 m - a scroll of torment {unknown}
 n - a scroll of immolation {unknown}
Potions
 a - 2 potions of lignification
 g - a potion of curing {unknown}
 j - 2 potions of might {unknown}
 k - a potion of haste {unknown}
 l - 2 potions of degeneration {unknown}
 o - a potion of attraction {unknown}
 q - a potion of invisibility {unknown}


   Skills:
 + Level 1.9 Fighting
 - Level 1.7 Dodging
 + Level 1.0 Stealth
 * Level 3.5 Unarmed Combat
 + Level 4.3 Shapeshifting


You had 3 spell levels left.
You didn't know any spells.
Your spell library contained the following spells:

 Spells                   Type           Power      Damage    Failure   Level
 Magic Dart               Conj           0%         1d3       24%         1
 Blink                    Tloc           0%         N/A       34%         2
 Call Imp                 Summ           0%         N/A       34%         2
 Ensorcelled Hibernation  Hex/Ice        0%         N/A       34%         2
 Scorch                   Fire           0%         2d5       34%         2
 Passwall                 Erth           0%         N/A       56%         3
 Swiftness                Air            0%         N/A       56%         3
 Flame Wave               Conj/Fire      0%         2d4       93%         4
 Summon Cactus Giant      Summ           0%         N/A       100%        6


Dungeon Overview and Level Annotations

Branches:
Dungeon (4/15)
 Temple: D:4-7

Altars:


Innate Abilities, Weirdness & Mutations

You are something dangerously unstable.
You glow with magical radiation, making you easy to see and hit.
Foes you strike become dangerously contaminated with magical radiation.
Your maximum health is decreased, since you lack skill for your form.
You are incapable of wielding weapons or throwing items.
Your plain brown scales are hard. (AC +5)
You cannot fit into any form of body armour.
You are cold-blooded and may be slowed by cold attacks.


Message History

You hit the orc.
The orc begins to glow.
The orc is severely wounded.
You hit the orc.
The orc glows dangerously bright.
The orc is almost dead.
The orc completely misses you.
You hit the orc.
You kill the orc!
The orc priest misses you. The orc hits you with a +0 hand axe.
You hit the orc priest.
The orc priest begins to glow.
Your tail-slap misses the orc priest.
The orc priest is moderately wounded.
The orc priest hits you from afar with a +0 trident.
The orc hits you but does no damage.
You are too injured to fight recklessly!
You are too injured to fight recklessly!
You are too injured to fight recklessly!
You are too injured to fight recklessly!
You are too injured to fight recklessly!
You are too injured to fight recklessly!
You are too injured to fight recklessly!
You are too injured to fight recklessly!
You are too injured to fight recklessly!
You are too injured to fight recklessly!
You are too injured to fight recklessly!
You are too injured to fight recklessly!
You are too injured to fight recklessly!
You are too injured to fight recklessly!
You are too injured to fight recklessly!
You are too injured to fight recklessly!
You are too injured to fight recklessly!
You are too injured to fight recklessly!
You are too injured to fight recklessly!
You are too injured to fight recklessly!
You are too injured to fight recklessly!
Unknown command.
The orc priest completely misses you.
The orc priest invokes the aid of Beogh against you.
Beogh smites you!
Ouch! That really hurt!
You die...

#.[ .. ..## ...
...# #.# .#
#..##..# ..>
#.....# ....
##.....#
..#..#.....##...
#......<........
.......p.###...
...####o.# #
#.)o# #..oo..
.....)...#
.........##
#..#..##..##
..###. ..# ## ##
..#


You could see 3 orc priests and an orc.

Vanquished Creatures
  2 adders
  4 dart slugs
  3 ribbon worms
  6 orcs
  8 endoplasms
  2 giant cockroaches (D:1)
  8 goblins
  8 hobgoblins
  3 kobolds
  2 quokkas
  7 ball pythons
  5 bats
  2 frilled lizards
  A rat (D:2)
61 creatures vanquished.

Notes
Turn   | Place    | Note
-------+----------+-------------------------------------------
     0 | D:1      | Dvallin the Draconian Shapeshifter began the quest for the
                  | Orb.
     0 | D:1      | Reached XP level 1. HP: 16/16 MP: 1/1
   199 | D:1      | Reached XP level 2. HP: 23/23 MP: 2/2
   671 | D:1      | Reached skill level 4 in Shapeshifting
   813 | D:2      | Reached XP level 3. HP: 19/28 MP: 3/3
  1587 | D:2      | Found a faded altar of an unknown god.
  1859 | D:3      | Reached XP level 4. HP: 12/35 MP: 4/4
  2285 | D:3      | Reached skill level 1 in Stealth
  2419 | D:4      | Killed from afar by an orc priest

Illustrated notes

Levels and vault maps discovered:
D:1:      lightli_arrival_maybe_door_vault, layout_basic
D:2:      layout_loops_corners, nicolae_ecumenical_lake_church
D:3:      layout_rooms, serial_curves, eino_curves_04, eino_curves_04
D:4:      layout_layer_cave, fedhas_altar_fruit_tree, tso_oasis_becter

Skill      XL: |  1  2  3  4 |
---------------+-------------+-----
Shapeshifting  | 4 |  4.3
Stealth        | 1 |  1.0
Fighting       | |  1.9
Dodging        | |  1.7
Unarmed Combat | |  3.5

Action                     |  1- 3 |  4- 6 || total
---------------------------+-------+-------++-------
  Melee: Unarmed           |   128 |    79 ||   207
         Tailslap          |    13 |    11 ||    24
         Punch             |     3 |       ||     3
   Stab: Sleeping          |     1 |       ||     1
 Armour: Skin              |    44 |    38 ||    82
  Dodge: Dodged            |   108 |    87 ||   195
   Form: Flux              |     1 |       ||     1
